 Dungeon Crawl Stone Soup version 0.23-a0-261-g133332c (console) character file.

49 bli the Chiller (level 3, -10/26 HPs)
             Began as a Barachi Ice Elementalist on Sept 29, 2018.
             Was an Initiate of Vehumet.
             Engulfed by a cloud of flame (36 damage)
             ... on level 2 of the Dungeon.
             The game lasted 00:07:13 (1208 turns).

bli the Chiller (Barachi Ice Elementalist)          Turns: 1208, Time: 00:07:13

Health: -10/26     AC:  2    Str:  9    XL:     3   Next: 77%
Magic:  7/7        EV: 13    Int: 16    God:    Vehumet [......]
Gold:   95         SH:  0    Dex: 12    Spells: 7/8 levels left

rFire    . . .     SeeInvis .   b - staff of cold
rCold    + . .     Gourm    .   (no shield)
rNeg     . . .     Faith    .   m - +0 robe
rPois    .         Spirit   .   (no helmet)
rElec    .         Reflect  .   (no cloak)
rCorr    .         Harm     .   (no gloves)
MR       .....                  (no boots)
Stlth    +.........             (no amulet)
HPRegen  0.08/turn              h - ring of attention (curse)
MPRegen  0.10/turn              (no ring)

@: can't hop, slow
A: +LOS, swims, slowness 1, strong legs 1
a: Hop, Renounce Religion


You were on level 2 of the Dungeon.
You worshipped Vehumet.
Vehumet was noncommittal.
You were not hungry.

You visited 1 branch of the dungeon, and saw 2 of its levels.

You collected 95 gold pieces.

Inventory:

Hand Weapons
 a - a +0 dagger
Missiles
 e - 87 stones (quivered)
Armour
 m - a +0 robe (worn)
Magical Staves
 b - an uncursed staff of cold (weapon)
Jewellery
 h - a cursed ring of attention (left hand)
Scrolls
 f - a scroll of fear {unknown}
 g - a scroll of blinking {unknown}
 i - a scroll of identify {unknown}
 p - a scroll of teleportation {unknown}
 r - a scroll of noise {unknown}
 s - a scroll of remove curse {unknown}
Potions
 d - a potion of mutation {unknown}
 j - a potion of degeneration {unknown}
 k - a potion of curing {unknown}
 l - a potion of agility {unknown}
 n - a potion of flight {unknown}
 o - a potion of might {unknown}
Comestibles
 c - 6 rations
 q - 8 chunks of flesh


   Skills:
 + Level 1.0 Fighting
 * Level 2.7 Dodging
 + Level 1.8 Stealth
 * Level 3.3 Spellcasting
   Level 1.1 Conjurations
 + Level 3.9 Ice Magic


You had 7 spell levels left.
You knew the following spells:

 Your Spells              Type           Power        Failure   Level  Hunger
a - Freeze                Ice            ###.         3%          1    None

Your spell library contained the following spells:

 Spells                   Type           Power        Failure   Level  Hunger
 Throw Frost              Conj/Ice       ###...       10%         2    ##.....
 Ozocubu's Armour         Chrm/Ice       ##......     24%         3    ###....
 Throw Icicle             Conj/Ice       ###.....     54%         4    ####...
 Summon Ice Beast         Ice/Summ       ##......     63%         4    ####...


Dungeon Overview and Level Annotations

Branches:
Dungeon (2/15)

Altars:
Uskayaw
Vehumet
The Shining One


Innate Abilities, Weirdness & Mutations

Shadows flee at your approach. (+LOS)
You can swim through water.
You cover ground slowly.
You can hop short distances.


Message History

m - a +0 dagger Adjust to which letter? (? for menu, Esc to quit)
a - a +0 dagger;
m - a +0 robe (worn)
Adjust (i)tems, (s)pells, or (a)bilities?
Adjust which spell?
Okay, then.
Unknown command.
Adjust (i)tems, (s)pells, or (a)bilities?
Adjust which item? (? for menu, Esc to quit)
s - an uncursed staff of cold (weapon)
Adjust to which letter? (? for menu, Esc to quit)
b - an uncursed staff of cold (weapon);
s - a scroll labeled ULALEPN LOENN Really walk into a travel-excluded area?
That item cannot be evoked!
There is a radiant altar of Vehumet here.
You kneel at the altar of Vehumet.
Vehumet welcomes you!
You are engulfed in blazing flames.
Ouch! That really hurt!
You die...

#.#..#...## #....## # #........
#.#..#...# #...÷##.#>#........
#.#..#...# #.........#........
#.#..#>..##. #....##.#........h.
#.#..#...##. #....##......<..(h.
..#......##.######.##.#......####
###.##>#.##....#...######.###....
................§§...............
............#.§§§..##............
.............§._.................
###.#..######§§.@§..#.#.#.#......
#.#..######......##........[...
#.#...........................#
###.#..########...............###
....##.....# #...#.#.#.##....#
...........# #.....#.#.##....#
######.....####.#.#.#.#.......#
#......................###..##
###.#÷########.#.#.#.#.. ....
#.#.##### #.#.#.#.#.###....
#.#.#...# #.....#.#.. >.....


There were no monsters in sight!

Vanquished Creatures
  An adder (D:2)
  A worm (D:2)
  A dart slug (D:2)
  3 ball pythons (D:1)
  7 hobgoblins
  8 jackals (D:2)
  A quokka (D:1)
  3 bats (D:1)
  2 frilled lizards
  2 kobolds (D:2)
  3 rats (D:1)
32 creatures vanquished.

Notes
Turn   | Place    | Note
-------+----------+-------------------------------------------
     0 | D:1      | bli the Barachi Ice Elementalist began the quest for the
                  | Orb.
     0 | D:1      | Reached XP level 1. HP: 13/13 MP: 3/3
   391 | D:1      | Reached XP level 2. HP: 15/19 MP: 2/5
   755 | D:2      | Found a hide-covered altar of Uskayaw.
   907 | D:2      | Reached XP level 3. HP: 25/25 MP: 2/7
   979 | D:2      | Found a glowing golden altar of the Shining One.
  1018 | D:2      | Reached skill level 1 in Fighting
  1143 | D:2      | Found a radiant altar of Vehumet.
  1207 | D:2      | Became a worshipper of Vehumet
  1208 | D:2      | Engulfed by a cloud of flame

Vault maps used:
D:1:      dpeg_arrival_rooms_c
D:2:      lemuel_crystal_altar, fiery_altar_vehumet,
          eat_drink_and_be_merry_uskayaw, gammafunk_temple_overflow_forgotten,
          kennysheep_generic_room_5

Skill      XL: |  1  2  3 |
---------------+----------+-----
Spellcasting   | 3 |  3.3
Fighting       | 1 |  1.0
Dodging        | |  2.7
Stealth        | |  1.8
Conjurations   | |  1.1
Ice Magic      | |  3.9

Action                   || total
-------------------------++-------
Melee: Unarmed           ||    38
       Dagger            ||    19
Throw: Stone             ||     2
 Cast: Freeze            ||    47
 Abil: Hop               ||     1
  Eat: Chunk             ||     2
Armor: Robe              ||    20
Dodge: Dodged            ||    80

Table legend:
 A = Non-vault XP
 B = Vault XP
 C = Vault XP percentage of total XP
 D = Non-vault monster count
 E = Vault monster count
 F = Vault count percentage of total count
                 A         B        C        D         E       F
            +---------+---------+-------+---------+---------+-------
      Total |      71 |       0 |   0.0 |      32 |       0 |   0.0
            +---------+---------+-------+---------+---------+-------
        D:1 |      22 |       0 |   0.0 |      15 |       0 |   0.0
        D:2 |      49 |       0 |   0.0 |      17 |       0 |   0.0
            +---------+---------+-------+---------+---------+-------
